AoeStats
← Aragorn

Arabian Desert

510427672Analyzed
1v1 RM · 14h ago on Oct 1, 2026· 40m 1s· 2 players
Game mode
Random Map
Map size
Tiny (2 player)
Population
200
Speed
Normal
Resources
Standard
Victory
Conquest
Starting age
Dark Age
Ending age
Imperial Age
RankedLock teamsTeams togetherTeam positionsShared explorationLock speedFull tech treeHidden civsTurbo modeCheats
Victory
Defeat
🇨🇱 Malians · Chile
1180
+15
🇨🇴 Khitans · Colombia
1153
-15
[WS] Juan
7:08 Loom
9:58 Feudal Age
10:31 Double-Bit Axe
10:19 Man-at-Arms
11:15 Arson
16:50 Wheelbarrow
19:51 Castle Age
18:15 Padded Archer Armor
18:25 Fletching
20:59 Bodkin Arrow
20:49 Crossbowman
27:13 Bow Saw
28:25 Leather Archer Armor
29:05 Horse Collar
32:44 Thumb Ring
33:17 Ballistics
38:20 Imperial Age
38:13 Scale Mail Armor
38:41 Arbalester
40:06 Ring Archer Armor
Aragorn
7:22 Loom
9:54 Feudal Age
10:43 Double-Bit Axe
11:38 Domestication
14:09 Forging
18:35 Scale Barding Armor
28:55 Castle Age
28:09 Fletching
29:23 Elite Skirmisher
30:35 Bodkin Arrow
31:17 Padded Archer Armor
34:32 Thumb Ring
34:54 Leather Archer Armor
36:06 Light Cavalry
39:42 Iron Casting
Connection lost

Rejoining the realm…

Still unreachable

The connection could not be restored.

Session expired

The server has moved on; the page needs a fresh start.